[Event "*** Titled Tuesday 3|2 Blitz"]
[Site "Chess.com"]
[Date "2016.10.04"]
[Round "7"]
[White "chessbia"]
[Black "Kawhi_Leonard2"]
[Result "1-0"]
[WhiteElo "2045"]
[BlackElo "1982"]
[TimeControl "180+2"]
[EndTime "12:25:38 PDT"]
[Termination "chessbia won on time"]

1. d4 Nf6 2. c4 e6 3. Nc3 Bb4 4.
Qc2 Nc6 5. Nf3 d6 6. Bg5 h6 7.
Bh4 g5 8. Bg3 g4 9. d5 exd5 10.
cxd5 Nxd5 11. Qe4+ Be6 12. Bh4 Qd7 13. Nd2 Nxc3 14.
bxc3 Bxc3 15. Rb1 b6 16. e3 f5 17. Qd3 Bg7 18. Be2 Ne5 19. Qa6 Bd5 20. O-O O-O 21. Bb5 c6 22. Be2 Ng6 23. Bg3 Rae8 24. Rfd1 f4 25. exf4 Nxf4 26. Bf1 Be5 27. Nc4 Bg7 28. Rd2 Qf7 29. Nxd6 Qf6 30. Nxe8 Rxe8 31. Qxa7 b5 32. a4 bxa4 33. Qxa4 Ng6 34. Qxg4 Rf8 35. Re1 Kh8 36. h4 Ne7 37. Be5 1-0

[Event "*** Titled Tuesday 3|2 Blitz"]
[Site "Chess.com"]
[Date "2016.10.04"]
[Round "7"]
[White "wonderfultime"]
[Black "daro94"]
[Result "1-0"]
[WhiteElo "2706"]
[BlackElo "2649"]
[TimeControl "180+2"]
[EndTime "12:26:04 PDT"]
[Termination "wonderfultime won on time"]

1. d4 Nf6 2. c4 g6 3. Nc3 d5 4.
cxd5 Nxd5 5. e4 Nxc3 6. bxc3 Bg7 7. Qa4+ Qd7 8. Qa3 b6 9. Nf3 c5 10. Be2 O-O 11. O-O cxd4 12. cxd4 Nc6 13. Bb5 a6 14. Bxc6 Qxc6 15. Re1 Bb7 16. Bb2 Qd6 17. Qb3 Rfc8 18.
Rad1 b5 19. d5 Bxb2 20. Qxb2 Rc4 21. Ne5 Rb4 22. Qa1 f6 23. Nf3 Qf4 24. Rd4 Rxd4 25. Qxd4 Rc8 26. Qb6 Qc7 27. Qe6+ Kg7 28. e5 Qd8 29.
exf6+ exf6 30. d6 Bxf3 31. gxf3 Qf8 32. Qd7+ Kh8 33. Re7 Rd8 34. Qe6 Qh6 35. Qxf6+ Kg8 36. d7 Rf8 37. Qxf8+ Qxf8 38. Re8 1-0

[Event "*** Titled Tuesday 3|2 Blitz"]
[Site "Chess.com"]
[Date "2016.10.04"]
[Round "7"]
[White "platy3"]
[Black "maciek_92"]
[Result "1-0"]
[WhiteElo "2732"]
[BlackElo "2602"]
[TimeControl "180+2"]
[EndTime "12:26:06 PDT"]
[Termination "platy3 won by resignation"]

1. e4 c5 2. Nf3 e6 3. d4 cxd4 4.
Nxd4 Nc6 5. Nc3 a6 6. Nxc6 bxc6 7. Bd3 d5 8. O-O Nf6 9. Qe2 Be7 10. b3 O-O 11.
Bb2 Qc7 12. f4 c5 13. Kh1 Bb7 14. Rae1 c4 15. bxc4 dxe4 16. Nxe4 Nxe4 17. Bxe4 Bxe4 18. Qxe4 Bb4 19. Re3 Rfd8 20. Rh3 g6 21. f5 e5 22. Bxe5 Qe7 23. fxg6 f6 24. Rxh7 Qxe5 25. Rh8+ Kg7 26.
Rh7+ Kg8 27. Qh4 f5 28. Rb7 Qh8 29. Qxh8+ Kxh8 30. Rxb4 Kg7 31. Rb6 Rf8 32. h4 Rac8 33. Rf4 Rf6 34. Rxf6 Kxf6 35. h5 Kg5 36. g7 Rg8 37. Rf3 Kxh5 38. Rxf5+ Kg6 39. Rf3 Kh7 40. Rh3+ Kg6 41. Rg3+ Kf7 42. Kg1 a5 43. Kf2 Ke6 44.
Ke3 Ke5 45. Kd3 Kd6 46. Kd4 Kc6 47. Rg6+ Kd7 48. c5 Ke7 49. Kc4 Kf7 1-0

[Event "*** Titled Tuesday 3|2 Blitz"]
[Site "Chess.com"]
[Date "2016.10.04"]
[Round "7"]
[White "GM_Levan_Pantsulaia"]
[Black "Ar4uha"]
[Result "0-1"]
[WhiteElo "2473"]
[BlackElo "2479"]
[TimeControl "180+2"]
[EndTime "12:26:08 PDT"]
[Termination "Ar4uha won by checkmate"]

1. g3 d5 2. Bg2 Nf6 3. c4 e6 4.
Nf3 dxc4 5. O-O Nbd7 6. Na3 Nb6 7.
Nxc4 Nxc4 8. Qa4+ Bd7 9. Qxc4 Bc6 10. d3 Be7 11. Bf4 O-O 12. Rac1 Nd5 13. Bd2 Nb6 14. Qc2 Bf6 15. Bc3 Rc8 16. b3 Bxc3 17. Qxc3 Nd5 18.
Qa5 b6 19. Qa3 Ne7 20. Rc2 a5 21. Rfc1 Qd6 22. Qb2 Bb7 23. d4 Be4 24. Rd2 Rfd8 25. Ne5 Bxg2 26. Kxg2 c5 27. Rcd1 Nc6 28. dxc5 Qxc5 29.
Rxd8+ Rxd8 30. Rxd8+ Nxd8 31. Qd2 Nc6 32. Nd7 Qb5 33.
Qe3 Qd5+ 34. f3 Qxd7 35. Qxb6 h6 36. g4 Qd5 37. h4 e5 38. h5 e4 39. Qb7 exf3+ 40.
exf3 Qe6 41. Qb5 Nd4 42. Qb8+ Kh7 43. Qf4 Qe2+ 44. Kg3 Qe1+ 45. Kg2 Qe2+ 46. Kg3 Qd3 47. Qxf7 Qe3 48. Qb7 Ne2+ 49. Kg2 Qg1+ 50. Kh3 Qg3# 0-1

[Event "*** Titled Tuesday 3|2 Blitz"]
[Site "Chess.com"]
[Date "2016.10.04"]
[Round "7"]
[White "keisyzrk"]
[Black "QuintilianoR"]
[Result "1-0"]
[WhiteElo "2293"]
[BlackElo "2399"]
[TimeControl "180+2"]
[EndTime "12:26:18 PDT"]
[Termination "keisyzrk won by resignation"]

1. d4 d5 2. c4 e6 3. Nc3 c6 4.
Nf3 dxc4 5. e3 b5 6. a4 Bb4 7. Bd2 a5 8. axb5 Bxc3 9. Bxc3 cxb5 10. b3 Bb7 11. d5 Nf6 12. bxc4 b4 13. Qa4+ Qd7 14.
Bxf6 Qxa4 15. Rxa4 gxf6 16. e4 Nd7 17. Nd4 Nc5 18. Ra1 Nxe4 19. Bd3 Nc5 20. Kd2 a4 21. Rhe1 Kd7 22. Rab1 b3 23. dxe6+ fxe6 24. Kc3 Rhd8 25. Nxe6 Nxe6 26. Bf5 Ra6 27. Rxe6 Rxe6 28. Rd1+ Kc7 29. Rxd8 Re5 30. Rd7+ Kc6 31. Rd5 Rxd5 32. cxd5+ Kc5 33.
Bxh7 Bxd5 34. f3 a3 35. Bf5 a2 36. Kb2 Kb4 37. h4 a1=Q+ 38. Kxa1 Ka3 39. Kb1 b2 40. Kc2 Ka2 41. Kc3 b1=Q 42. Bxb1+ Kxb1 43. Kd4 Bf7 44.
g4 Kc2 45. f4 Kd2 46. g5 fxg5 47. hxg5 Bg6 48. Ke5 Ke3 49. f5 1-0

[Event "*** Titled Tuesday 3|2 Blitz"]
[Site "Chess.com"]
[Date "2016.10.04"]
[Round "7"]
[White "Lupul_Cenusiu"]
[Black "Noukii"]
[Result "0-1"]
[WhiteElo "2373"]
[BlackElo "2609"]
[TimeControl "180+2"]
[EndTime "12:26:24 PDT"]
[Termination "Noukii won by checkmate"]

1. d4 d5 2. c4 c6 3. e3 Nf6 4.
Nc3 e6 5. Nf3 Nbd7 6. Qc2 Bd6 7.
b3 O-O 8. Bb2 e5 9. Be2 e4 10.
Nd2 Nb8 11. h3 Be6 12. O-O-O a6 13. c5 Be7 14. f3 exf3 15. gxf3 Nbd7 16. Bd3 b6 17.
cxb6 Nxb6 18. Rdg1 a5 19. a4 Rc8 20. Kb1 c5 21. Qd1 cxd4 22. exd4 Nh5 23. Ne2 Qd6 24.
Nf1 Rb8 25. Nfg3 Nxg3 26. Nxg3 Nc4 27. Bxc4 dxc4 28. d5 Rxb3 29. Ne4 Rxb2+ 30. Kxb2 Qa3+ 31. Kc2 Qa2+ 32. Kc3 Bb4+ 33. Kd4 Qb2+ 34. Ke3 Bd7 35. Qd4 Qxd4+ 36. Kxd4 f5 37. Nc3 Rc8 38. Nb5 c3 39. Rc1 c2 40. Kd3 f4 41. Nd4 Rc3+ 42. Ke4 g5 43. Rxc2 Re3# 0-1

[Event "*** Titled Tuesday 3|2 Blitz"]
[Site "Chess.com"]
[Date "2016.10.04"]
[Round "7"]
[White "ZapataCharlesS"]
[Black "GMNeiksans"]
[Result "0-1"]
[WhiteElo "2590"]
[BlackElo "2658"]
[TimeControl "180+2"]
[EndTime "12:26:40 PDT"]
[Termination "GMNeiksans won by resignation"]

1. e4 c5 2. c3 Nf6 3. e5 Nd5 4. g3 d6 5. exd6 Qxd6 6. Bg2 Nc6 7. Ne2 Bg4 8. O-O e6 9. h3 Bh5 10. g4 Bg6 11. d4 Rd8 12. Na3 Be7 13. Nc4 Qc7 14. Ne3 Nf6 15. Qa4 O-O 16. Rd1 cxd4 17.
cxd4 Be4 18. f3 Bg6 19. f4 Nb4 20. Bd2 Nbd5 21. Rac1 Qb8 22. Nxd5 Nxd5 23. Qb3 Qd6 24. a3 b6 25. Bxd5 Qxd5 26. Qxd5 Rxd5 27. Rc7 Bf6 28. Be3 a5 29. Nc3 Rdd8 30. g5 Bf5 31. gxf6 gxf6 32.
Kh2 h5 33. Rg1+ Kh7 34. Rb7 Rd6 35. d5 Bg6 36. Rxb6 Rxb6 37. Bxb6 Rb8 38. d6 Rxb6 39.
d7 Rxb2+ 40. Kg3 Rb8 41. Rd1 Rd8 42. Rd2 e5 43. Na4 Bf5 44. Nc5 Kg7 45. Rd6 h4+ 46. Kxh4 exf4 0-1

[Event "*** Titled Tuesday 3|2 Blitz"]
[Site "Chess.com"]
[Date "2016.10.04"]
[Round "7"]
[White "Kouzari"]
[Black "cassoulet"]
[Result "1-0"]
[WhiteElo "2430"]
[BlackElo "2290"]
[TimeControl "180+2"]
[EndTime "12:26:40 PDT"]
[Termination "Kouzari won by resignation"]

1. e4 c5 2. c3 d6 3. d4 Nf6 4. Bd3 g6 5. dxc5 dxc5 6. e5 Ng4 7. Nf3 Nc6 8. Bf4 Bg7 9. Qe2 Qc7 10. Bb5 O-O 11. Bxc6 Qxc6 12. h3 Nh6 13. g4 f5 14.
Bxh6 fxg4 15. Bxg7 gxf3 16. Qe3 Kxg7 17. Nd2 Be6 18. h4 h5 19. Rg1 Rad8 20. Qg5 Bf7 21. Qxh5 Rxd2 22. Kxd2 Qe4 23. Qg5 Rd8+ 24. Kc1 Rd5 25.
Qe3 Qxe3+ 26. fxe3 Rxe5 27. Kd2 Rd5+ 28. Ke1 e5 29.
Kf2 e4 30. Rad1 Kf6 31. Rxd5 Bxd5 32. Rg5 Bxa2 33. Rxc5 Be6 34. Rc7 Bd5 35. c4 Bc6 36. b4 a6 37. b5 axb5 38. cxb5 Bxb5 39. Rxb7 Bd3 40. Kg3 Kf5 41. Rf7+ Ke6 42. Rf4 Ke7 43. Kg4 Kd6 44. Kg5 Kc5 45. Kxg6 Kc4 46. h5 Kc3 47. h6 Kd2 48. h7 Kxe3 49. Rf6 Ke2 50. h8=Q e3+ 51. Kh6 f2 52. Qd8 Kd2 53. Qd4 Ke2 54. Rf4 Kd2 55. Rf3 Kc2 56. Qxe3 f1=Q 57. Rxf1 Bxf1 58.
Qf2+ 1-0

[Event "*** Titled Tuesday 3|2 Blitz"]
[Site "Chess.com"]
[Date "2016.10.04"]
[Round "7"]
[White "Hieronymus00"]
[Black "AndrewMcStone"]
[Result "1-0"]
[WhiteElo "2184"]
[BlackElo "2017"]
[TimeControl "180+2"]
[EndTime "12:26:40 PDT"]
[Termination "Hieronymus00 won on time"]

1. e4 e6 2. d4 d5 3. Nc3 Nc6 4. e5 f6 5. Nf3 Bd7 6. Ne2 Qe7 7. c3 Qf7 8. Be3 Nge7 9. Qd2 Ng6 10.
exf6 gxf6 11. h4 Bd6 12. g3 O-O-O 13. Bg2 Nge7 14. O-O-O Nf5 15. Bf4 Bxf4 16. Nxf4 Nd6 17. Kb1 Nc4 18. Qc2 Kb8 19. Ka1 Bc8 20. Nd3 e5 21.
Nc5 b6 22. Nb3 e4 23. Nfd2 Nd6 24. Rhe1 Rhg8 25. Rc1 Bf5 26. Re3 Bg6 27. Qd1 a5 28. Rc2 a4 29. Nc1 Na5 30. b3 axb3 31. axb3 Kb7 32.
Ra2 Ra8 33. Kb2 Bh5 34. Qc2 Nc6 35. Qb1 Rxa2+ 36. Qxa2 Ra8 37. Qb1 Nf5 38. Re1 Qe7 39. b4 Nxb4 40. Nxe4 dxe4 41. Bxe4+ Kb8 42. Nb3 Ra2+ 43.
Kc1 Qd6 44. Nd2 1-0

[Event "*** Titled Tuesday 3|2 Blitz"]
[Site "Chess.com"]
[Date "2016.10.04"]
[Round "7"]
[White "LyonBeast"]
[Black "GMHess"]
[Result "1-0"]
[WhiteElo "2734"]
[BlackElo "2580"]
[TimeControl "180+2"]
[EndTime "12:26:42 PDT"]
[Termination "LyonBeast won by resignation"]

1. d4 Nf6 2. c4 e6 3. g3 d5 4. Bg2 Bb4+ 5. Bd2 Be7 6. Nf3 O-O 7.
O-O c6 8. Qc2 b6 9. Bg5 Nbd7 10.
Nbd2 Bb7 11. e4 dxe4 12. Nxe4 Nxe4 13. Bxe7 Qxe7 14. Qxe4 Nf6 15. Qe3 Rac8 16. Rfe1 Qb4 17. b3 c5 18. a3 Qa5 19. Red1 Rfd8 20. Ne5 Bxg2 21. Kxg2 cxd4 22. Rxd4 Rxd4 23. Qxd4 h6 24. b4 Qa6 25. Kg1 Qb7 26. Rd1 Qe4 27. Qxe4 Nxe4 28. f3 Nf6 29. Kf2 g5 30. Ke3 Rc7 31. Rd6 Kf8 32. Rc6 Rb7 33. Rc8+ Kg7 34. b5 Nd7 35. Nxd7 Rxd7 36. a4 f5 37. f4 Kf6 38. Rf8+ Kg6 39. Ra8 Kh5 40. a5 Kg4 41. axb6 axb6 42. Re8 Rc7 43.
Kd4 gxf4 44. gxf4 Kxf4 45. Rxe6 Kf3 46. Rxb6 f4 47. Rf6 Rd7+ 48. Ke5 Re7+ 49. Kd6 Rb7 50.
Kc6 Re7 51. b6 Ke3 52. b7 Rxb7 1-0

[Event "*** Titled Tuesday 3|2 Blitz"]
[Site "Chess.com"]
[Date "2016.10.04"]
[Round "7"]
[White "Mugzyyy"]
[Black "David_Klein"]
[Result "1-0"]
[WhiteElo "2467"]
[BlackElo "2389"]
[TimeControl "180+2"]
[EndTime "12:26:42 PDT"]
[Termination "Mugzyyy won by resignation"]

1. d4 Nf6 2. h3 c5 3. d5 e6 4. c4 exd5 5. cxd5 d6 6. Nc3 g6 7. e4 Bg7 8. Bd3 O-O 9. a4 Na6 10. Nge2 Nb4 11. Bb1 b6 12. O-O a6 13. Ng3 Rb8 14. f4 Re8 15. Qf3 Nd7 16. e5 dxe5 17. f5 e4 18. Ngxe4 Ne5 19. Qg3 Bxf5 20. Rxf5 gxf5 21. Bg5 f4 22. Qh4 Ng6 23. Bxd8 Nxh4 24. Bxh4 Kf8 25. d6 Bd4+ 26. Kf1 Re6 27. Ba2 Nxa2 28.
Be7+ Rxe7 29. dxe7+ Kxe7 30. Rxa2 f5 31. Nd2 Ke6 32.
Ra1 Bxc3 33. bxc3 b5 34. axb5 axb5 35. Ke2 Kd5 36. Kf3 Rg8 37. Kxf4 Rxg2 38. Ra8 b4 39. Rd8+ Kc6 40. c4 Rf2+ 41. Ke5 Rh2 42. Rd3 Rf2 43. Nb3 h5 44. Rd6+ Kc7 45. Rd3 Kc6 46. Rd6+ Kc7 47. Rf6 Rc2 48. Kd5 Rc3 49. Rc6+ Kd8 50. Nxc5 Rxh3 51. Rb6 f4 52. Ne6+ Kc8 53.
Nxf4 Rf3 54. Ne6 b3 55. Nd4 Rg3 56. Rxb3 Rg5+ 57. Kd6 Rg4 58. Nc6 Rg6+ 59. Kd5 Kc7 60. Ne5 Rg8 61. c5 Rd8+ 62. Ke4 Re8 63. Rg3 Ra8 64.
Rg7+ Kb8 65. Rg8+ Kb7 66. Rxa8 Kxa8 67. Kf5 Kb7 68. Kg5 1-0

[Event "*** Titled Tuesday 3|2 Blitz"]
[Site "Chess.com"]
[Date "2016.10.04"]
[Round "7"]
[White "Usurpov"]
[Black "RodinMihail"]
[Result "0-1"]
[WhiteElo "2278"]
[BlackElo "2350"]
[TimeControl "180+2"]
[EndTime "12:26:45 PDT"]
[Termination "RodinMihail won by resignation"]

1. e4 e5 2. Nf3 Nc6 3. Nc3 Nf6 4.
d4 exd4 5. Nxd4 Bb4 6. Nxc6 bxc6 7. Bd3 O-O 8. O-O d5 9. exd5 cxd5 10. Qf3 c6 11. h3 Bd6 12. Bf4 Rb8 13. b3 Rb4 14.
Bxd6 Qxd6 15. Qg3 Qxg3 16. fxg3 Be6 17. g4 c5 18. Rfe1 h6 19. Rad1 a5 20. Bf1 d4 21.
Ne4 Nxe4 22. Rxe4 Rc8 23. Kf2 a4 24. Rd2 axb3 25. axb3 Rbb8 26. Bd3 Ra8 27. Re5 Ra2 28. Rde2 Kf8 29. Kg3 g5 30. h4 gxh4+ 31. Kxh4 Kg7 32.
g5 hxg5+ 33. Rxg5+ Kf6 34. Ree5 c4 35. bxc4 Bxc4 36. Rgf5+ Kg7 37. Re7 Be6 38. Rxe6 fxe6 39. Rg5+ Kf6 40. Rg6+ Ke5 41. Rg5+ Kd6 42. Rg7 Rcxc2 43.
Bxc2 Rxc2 44. Kg3 Re2 45. Kf3 Re5 46. Rg8 Rd5 47. g4 Ke7 48. Ra8 Kf6 49. Ke4 d3 50. Ra1 d2 51. Rd1 Kg5 52. Kf3 Rd8 53. Kg3 Rd3+ 0-1

[Event "*** Titled Tuesday 3|2 Blitz"]
[Site "Chess.com"]
[Date "2016.10.04"]
[Round "7"]
[White "dabee"]
[Black "hansen"]
[Result "0-1"]
[WhiteElo "2472"]
[BlackElo "2631"]
[TimeControl "180+2"]
[EndTime "12:26:47 PDT"]
[Termination "hansen won on time"]

1. d4 Nf6 2. Bg5 d5 3. e3 Nbd7 4. Nf3 h6 5. Bf4 Nh5 6. Be5 Nxe5 7. Nxe5 Nf6 8. Bd3 e6 9. Nd2 Nd7 10. f4 c5 11. c3 Qb6 12. Rb1 Be7 13. O-O O-O 14.
Ndf3 Nf6 15. g4 Ne4 16. Bxe4 dxe4 17. Nd2 f5 18. Ng6 Re8 19. Qa4 Qc6 20. Qxc6 bxc6 21. Nxe7+ Rxe7 22. dxc5 Ba6 23. Rfe1 Bd3 24. Rbc1 fxg4 25.
Kf2 h5 26. Kg3 Kh7 27. Kh4 Kh6 28. Rg1 e5 29. fxe5 Rf8 30. Rgf1 Bxf1 31. Rxf1 Rxf1 32. Nxf1 Rxe5 33. b4 Rf5 34. Nd2 Rf2 35. Nxe4 Rxh2+ 36. Kg3 Rh3+ 37. Kg2 Rxe3 38. Nd6 Kg5 39. c4 h4 40. b5 h3+ 41. Kf2 Rf3+ 42. Kg1 g3 43. Ne4+ Kf4 0-1

[Event "*** Titled Tuesday 3|2 Blitz"]
[Site "Chess.com"]
[Date "2016.10.04"]
[Round "7"]
[White "TomsKantans"]
[Black "Blitzstream"]
[Result "0-1"]
[WhiteElo "2467"]
[BlackElo "2549"]
[TimeControl "180+2"]
[EndTime "12:26:59 PDT"]
[Termination "Blitzstream won by resignation"]

1. e4 d5 2. exd5 Qxd5 3. Nc3 Qa5 4. d4 Nf6 5. Nf3 c6 6. Bd2 Bf5 7. Bc4 e6 8. Qe2 Bb4 9. O-O-O Nbd7 10. Kb1 b5 11. Bb3 O-O 12. Ne5 Nxe5 13. dxe5 Nd5 14.
Nxd5 cxd5 15. g4 Bg6 16. h4 Bxd2 17. Rxd2 h6 18. h5 Bh7 19. Rg1 Qb4 20. Qe3 Qe4 21. Qg3 g5 22. Ka1 a5 23. c3 f6 24.
exf6 Rxf6 25. Bc2 Qf4 26. Bxh7+ Kxh7 27. Qd3+ Kg7 28. Re1 b4 29. Rde2 Re8 30. cxb4 axb4 31. Qb5 Re7 32. Qc5 Kf7 33. Rg1 Qc4 34. Qe3 Rc7 35.
Ree1 Qf4 36. Qd3 Kg7 37. f3 Qxf3 38. Qxf3 Rxf3 39. Rxe6 Rg3 40. Rg6+ Kh7 41. Rd1 Rxg4 42. a3 b3 43. Rb6 Rg3 44. Kb1 g4 45. a4 Rf3 46. a5 g3 47. a6 g2 48. Rb7 Rxb7 49. axb7 Rf1 0-1

[Event "*** Titled Tuesday 3|2 Blitz"]
[Site "Chess.com"]
[Date "2016.10.04"]
[Round "7"]
[White "VSERGUEI"]
[Black "APL2001"]
[Result "1-0"]
[WhiteElo "2560"]
[BlackElo "2433"]
[TimeControl "180+2"]
[EndTime "12:27:22 PDT"]
[Termination "VSERGUEI won by resignation"]

1. d4 Nf6 2. c4 g6 3. Nc3 Bg7 4. e4 d6 5. Be2 O-O 6. Nf3 e5 7.
Be3 Ng4 8. Bg5 f6 9. Bh4 Nc6 10. d5 Ne7 11. Nd2 Nh6 12. f3 f5 13. Qc2 f4 14.
O-O-O Bd7 15. Kb1 Nf7 16. Bf2 c6 17. Qb3 Qc7 18. c5 cxd5 19. cxd6 Qxd6 20. exd5 Bf5+ 21.
Ka1 Rfd8 22. Nc4 Qd7 23. g4 fxg3 24. hxg3 b5 25. Na5 b4 26. Qxb4 Nd6 27. g4 Bc2 28.
Rd2 Rab8 29. Qa3 e4 30. Rxc2 exf3 31. Bxf3 Rf8 32. Bg2 Qxg4 33. Bc5 Nef5 34. Bxd6 Nxd6 35. Qxd6 Bxc3 36. bxc3 Qa4 37. Qe6+ Kg7 38. Qe7+ Rf7 39.
Rxh7+ Kxh7 40. Qxf7+ Kh6 41. Qf2 Qxa5 42. Qf4+ Kg7 43.
Qxb8 Qc5 44. Qb7+ Kh6 45. Qb4 Qg1+ 46. Kb2 a5 47. Qh4+ Kg7 48. Qe7+ Kh6 49. Qd6 a4 50. Qb4 a3+ 51. Qxa3 Qb6+ 52. Qb4 Qg1 53. a3 Kg7 54. d6 Kh6 55. a4 Kg7 56. a5 Kh6 57. d7 Kg7 58. d8=Q Kh6 59. Qdh4+ Kg7 60. Qhd4+ 1-0

[Event "*** Titled Tuesday 3|2 Blitz"]
[Site "Chess.com"]
[Date "2016.10.04"]
[Round "7"]
[White "FrankieJay"]
[Black "FearNoEvil12"]
[Result "1-0"]
[WhiteElo "2195"]
[BlackElo "2051"]
[TimeControl "180+2"]
[EndTime "12:27:22 PDT"]
[Termination "FrankieJay won by checkmate"]

1. e4 a6 2. d4 b5 3. Bd3 Bb7 4.
Nf3 e6 5. O-O Nf6 6. Re1 d6 7.
a4 b4 8. Nbd2 Nbd7 9. Nf1 h6 10.
Ng3 g5 11. h3 Rg8 12. Nh2 Be7 13. a5 h5 14. Nxh5 Nxh5 15. Qxh5 Nf8 16. Bd2 Ng6 17. Qg4 e5 18. d5 Bc8 19. Qf3 Nf4 20. Ng4 Bf8 21. Bxb4 Rb8 22. Bc3 Rh8 23. Bf1 Rh4 24.
g3 Bxg4 25. hxg4 Rh7 26. gxf4 gxf4 27. Bg2 Qh4 28. Kf1 Rg7 29. Ke2 Rxg4 30. Rh1 Qg5 31. Bh3 Rh4 32. Rag1 Qh6 33. Bf5 Rxh1 34. Rxh1 Qf6 35.
Rh7 Bg7 36. Qh5 Kf8 37. Qg4 Rb5 38. Rh1 Rc5 39. Ra1 Rc4 40. Ra3 Bh6 41. Rb3 Ke7 42.
Bc8 Rxe4+ 43. Kf1 Qg5 44. Qxg5+ Bxg5 45. Bxa6 f3 46. Bd3 Rh4 47. Ke1 e4 48. Bf1 f5 49.
Bd4 f4 50. a6 Rh2 51. a7 e3 52. fxe3 fxe3 53. Bxe3 Bh4+ 54. Kd1 Rh1 55. a8=Q Rxf1+ 56.
Kd2 Be1+ 57. Kd3 f2 58. Rb7 Kf6 59. Qf8+ Kg6 60. Qg8+ Kf5 61. Qf7+ Kg4 62. Qg6+ Kh3 63. Rxc7 Rg1 64. Rh7# 1-0

[Event "*** Titled Tuesday 3|2 Blitz"]
[Site "Chess.com"]
[Date "2016.10.04"]
[Round "7"]
[White "josiwales"]
[Black "Malev212"]
[Result "1/2-1/2"]
[WhiteElo "2226"]
[BlackElo "2343"]
[TimeControl "180+2"]
[EndTime "12:27:27 PDT"]
[Termination "Game drawn by agreement"]

1. e4 c5 2. Nc3 a6 3. g3 b5 4. Bg2 Bb7 5. d3 e6 6. f4 d6 7. Nh3 Nd7 8. O-O Ngf6 9. g4 b4 10. Na4 h6 11. b3 Be7 12. Bb2 Qc7 13. Qf3 O-O-O 14. g5 hxg5 15. fxg5 Nh7 16. Qxf7 Nxg5 17.
Qxe7 Nxh3+ 18. Bxh3 Rxh3 19. Qxe6 Rh6 20. Qg4 Kb8 21.
Bxg7 Rg8 22. Rf7 Ne5 23. Rxc7 Nxg4 24. Rxb7+ Kxb7 25. Bxh6 Nxh6+ 26. Kf2 Ng4+ 27. Kg3 Ne3+ 28. Kf4 Nxc2 29. Rc1 Nd4 30. Rc4 Rg2 31. e5 Rf2+ 32. Kg3 Rf3+ 33. Kg4 Rxd3 34. exd6 Ne6 35. Nxc5+ Nxc5 36. Rxc5 Rxd6 37. h4 Rd2 38. h5 Rxa2 39. h6 Rg2+ 40.
Kh3 Rg8 41. Rf5 Rh8 42. Rf6 a5 43. Kg4 a4 44. bxa4 b3 45. Kg5 Rg8+ 46. Kh5 b2 47.
Rf1 Rg2 48. h7 Rh2+ 49. Kg6 Ka6 50. Rb1 Rg2+ 51. Kh6 Rh2+ 52. Kg6 Rg2+ 53. Kf6 Rf2+ 54. Kg5 Rh2 55. Kg6 Rg2+ 56. Kh6 Rh2+ 57. Kg7 Rg2+ 58. Kf6 Rh2 59. Rxb2 Rxh7 60. Ke5 Rb7 61. Ra2 Rd7 62. Ke6 Rd1 63. a5 Rb1 64. Kd6 Rb5 65. Kc6 Rxa5 66. Rb2 Ra1 67. Rb6+ Ka5 68. Rb5+ Ka4 69. Rb8 Rc1+ 70.
Kd5 Rh1 71. Kc4 1/2-1/2

[Event "*** Titled Tuesday 3|2 Blitz"]
[Site "Chess.com"]
[Date "2016.10.04"]
[Round "7"]
[White "Iuri_Shkuro"]
[Black "Oleksandr_Bortnyk"]
[Result "0-1"]
[WhiteElo "2530"]
[BlackElo "2749"]
[TimeControl "180+2"]
[EndTime "12:27:29 PDT"]
[Termination "Oleksandr_Bortnyk won by resignation"]

1. e4 g6 2. Nc3 Bg7 3. f4 c6 4. d4 d6 5. Nf3 b5 6. Bd3 b4 7. Ne2 a5 8. O-O Nf6 9. e5 Nd5 10. Ng3 Ba6 11. f5 dxe5 12. dxe5 Nd7 13. Bxa6 Qb6+ 14. Kh1 Qxa6 15. e6 fxe6 16. fxe6 Nc5 17.
Ng5 O-O-O 18. Qe1 Rd6 19. Be3 Nxe6 20. Nf7 Bxb2 21. Nxd6+ exd6 22. Rd1 Bc3 23. Bd2 Be5 24. Rf7 Nd8 25. Rf3 Qc4 26. a3 Ne6 27. axb4 axb4 28. Rf7 Rf8 29. Rxf8+ Nxf8 30. Qf2 Nd7 31. Bg5 Kb7 32.
Qf7 Nb6 33. Qf2 Nc5 34. Be3 Nd5 35. Bxc5 dxc5 36. Nf1 Kb6 37. Re1 Qf4 38. Qe2 Bc3 39. Rd1 Qe5 40. Qd3 Qg5 41. Qe4 h5 42. Qe8 Be5 43.
Re1 Bc7 44. Qc8 Qf5 45. Ra1 Qxc8 0-1

[Event "*** Titled Tuesday 3|2 Blitz"]
[Site "Chess.com"]
[Date "2016.10.04"]
[Round "7"]
[White "LuckyTiger"]
[Black "ChessWarrior7197"]
[Result "1-0"]
[WhiteElo "2581"]
[BlackElo "2478"]
[TimeControl "180+2"]
[EndTime "12:27:31 PDT"]
[Termination "LuckyTiger won by resignation"]

1. e4 e5 2. Nf3 Nc6 3. Bb5 a6 4. Ba4 Nf6 5. d3 b5 6. Bb3 Be7 7. a4 Bb7 8. O-O O-O 9. Nc3 b4 10.
Nd5 d6 11. a5 Nxd5 12. Bxd5 Qc8 13. Bd2 Rb8 14. Ra4 Ba8 15. Bxc6 Bxc6 16. Rxb4 f5 17. Qe2 fxe4 18. dxe4 Rxb4 19. Bxb4 Qe6 20. Nd2 Bg5 21. c4 Bxd2 22. Bxd2 Be8 23. f3 Bf7 24. Rc1 c5 25. b3 Rb8 26. Rc3 h6 27. Rd3 Qe7 28. Be1 Qc7 29. Qd1 Rd8 30. Bc3 Qe7 31. Bb2 Rd7 32. Ba3 Be6 33. Rd2 Qd8 34. b4 cxb4 35. Bxb4 Qc7 36. Rxd6 Rxd6 37. Qxd6 Qxc4 38. Qxe5 Qc1+ 39. Kf2 Qc2+ 40. Kg3 Qc6 41. Bc3 Qd7 42. h4 Bc4 43. Kh2 Bb5 44. f4 Kh7 45. f5 Qf7 46. Qd4 Bc6 47. Qd6 Bxe4 48. f6 gxf6 49. Bxf6 Bb7 50.
Qd3+ Kg8 51. Qg3+ Kh7 52. Qd3+ Kg8 53. Qf5 h5 54. Qg5+ Kh7 55. Be5 Bc8 56. Bf4 Qf5 57.
Qe7+ Kg8 58. Be5 Qg4 59. Qe8+ Kh7 60. Qf7+ Kh6 61. Bf4+ 1-0

[Event "*** Titled Tuesday 3|2 Blitz"]
[Site "Chess.com"]
[Date "2016.10.04"]
[Round "7"]
[White "cstefan"]
[Black "DavitZarkua"]
[Result "0-1"]
[WhiteElo "2010"]
[BlackElo "2500"]
[TimeControl "180+2"]
[EndTime "12:27:31 PDT"]
[Termination "DavitZarkua won by resignation"]

1. e4 g6 2. d4 Bg7 3. Nc3 c5 4.
Nf3 cxd4 5. Nxd4 Nc6 6. Nb3 Nf6 7. Be2 O-O 8. O-O d6 9. Bg5 a5 10. a4 Be6 11. Kh1 Bxb3 12. cxb3 Nb4 13. f4 Rc8 14.
Bc4 Qb6 15. Bh4 e6 16. Bf2 Qc6 17. Qf3 d5 18. Bb5 Qc7 19. e5 Nd7 20. Ne2 Nb8 21.
Rac1 N8c6 22. Qh3 h5 23. Nd4 Qe7 24. Nf3 Rfd8 25. Bh4 Qf8 26. Bf6 Bxf6 27. exf6 Qh6 28. Ng5 d4 29. Bc4 Qh8 30. Bxe6 Rc7 31. Nxf7 Rxf7 32.
f5 g5 33. Rce1 d3 34. Bxf7+ Kxf7 35. Re6 d2 36. Rd1 h4 37. Qg4 Rd4 38. Qxg5 Qh7 39. h3 Nd5 40. Rxd2 Rxd2 41. Qxd2 Qxf5 42. Re1 Nxf6 43.
Qe2 Kg6 44. Rf1 Qe5 45. Qf3 Nd4 46. Qf2 Nf5 47. Kg1 Ne4 48. Qb6+ Nfd6 49. Re1 Qc5+ 50. Qxc5 Nxc5 51. Re3 Nde4 52. Kf1 Kf5 53. Ke2 Ke5 54. Kf3 Kd4 55. Kf4 Ne6+ 56. Kf3 N4g5+ 57. Ke2 Nf4+ 58. Kd2 Ne4+ 59. Kc2 0-1

[Event "*** Titled Tuesday 3|2 Blitz"]
[Site "Chess.com"]
[Date "2016.10.04"]
[Round "7"]
[White "bugsbunny444"]
[Black "LonesomeGeorge1"]
[Result "1/2-1/2"]
[WhiteElo "2334"]
[BlackElo "2172"]
[TimeControl "180+2"]
[EndTime "12:27:44 PDT"]
[Termination "Game drawn by agreement"]

1. Nf3 Nf6 2. c4 Rg8 3. d4 h6 4. Nc3 g5 5. h3 d6 6. e4 g4 7. hxg4 Bxg4 8. Be3 Nc6 9. Be2 h5 10. Qd2 e5 11. d5 Ne7 12. Nh4 Qd7 13. f3 O-O-O 14.
O-O-O Ng6 15. fxg4 Nxg4 16. Nf5 Nxe3 17. Qxe3 Ne7 18.
Qxa7 c6 19. Na4 Qe8 20. Rxh5 Nxf5 21. Rxf5 Rxg2 22. Rf2 Bh6+ 23. Kb1 Rxf2 24. Qxf2 c5 25. Bg4+ Kb8 26. Rf1 Qxa4 27. b3 Qa3 28. Qf6 Rg8 29.
Qxh6 Rxg4 30. Qf8+ Ka7 31. Qe8 Rg2 32. Qa4+ Qxa4 33.
bxa4 Re2 34. Rxf7 Rxe4 35. Rd7 Rxc4 36. Rxd6 Rd4 37. a5 e4 38. Kc2 e3 39. Re6 Rxd5 40.
Rxe3 Ka6 41. Re7 c4 42. Rc7 Rxa5 43. Rxc4 Rxa2+ 44. Kb3 Rh2 45. Rg4 b5 46. Kb4 Rb2+ 47.
Kc3 Rb1 48. Kc2 Rh1 49. Kb3 Ka5 50. Kb2 Rh3 51. Kc2 b4 52. Rg8 Rh2+ 53. Kb3 Rh3+ 54.
Kb2 Kb5 55. Rb8+ Kc4 56. Rc8+ Kb5 57. Rb8+ Kc4 1/2-1/2

[Event "*** Titled Tuesday 3|2 Blitz"]
[Site "Chess.com"]
[Date "2016.10.04"]
[Round "7"]
[White "jcibarra"]
[Black "Zhani-Z"]
[Result "1-0"]
[WhiteElo "2707"]
[BlackElo "2338"]
[TimeControl "180+2"]
[EndTime "12:27:51 PDT"]
[Termination "jcibarra won by resignation"]

1. e4 e5 2. Nf3 Nc6 3. Bb5 a6 4.
Bxc6 dxc6 5. O-O Qf6 6. d4 exd4 7. Bg5 Qd6 8. Nxd4 Be7 9. Bxe7 Nxe7 10. Nc3 Bd7 11.
Nb3 O-O-O 12. Qe2 Be6 13. Qe3 Kb8 14. Rad1 Qb4 15. Qc5 Qxc5 16. Nxc5 Bc8 17. Rxd8 Rxd8 18. Rd1 Rxd1+ 19. Nxd1 b6 20. Nd3 c5 21. f4 Nc6 22.
c3 Be6 23. a3 f6 24. Ne3 Kb7 25. g3 c4 26. Nf2 b5 27. Kg2 Kb6 28. Nc2 Ka5 29. Kf3 Ka4 30. Na1 Na5 31. Ke2 Nb3 32.
Nc2 c5 33. Kd1 Na5 34. Kc1 Nc6 35. Nd1 Bg4 36. Nde3 Bf3 37. Nf5 Bxe4 38. Nxg7 Na5 39. Ne6 Nb3+ 40. Kd1 a5 41. Ne3 Bd3 42. Nd5 b4 43.
Nec7 Na1 44. axb4 axb4 45. Ne6 Kb5 46. Nxf6 Bc2+ 47. Kd2 Bf5 48. Nc7+ Kc6 49. Ncd5 Nb3+ 50. Ke3 Kb5 51. g4 Bxg4 52. Nxg4 Na5 53. f5 1-0